[Event "Early-Titled-Tuesday-Blitz-March-26-2024"]
[Site "Chess.com"]
[Date "2024.03.26"]
[Round "3"]
[White "Incognizance"]
[Black "Nf3c5"]
[Result "0-1"]
[WhiteElo "1910"]
[BlackElo "2538"]
[TimeControl "180+1"]
[EndTime "8:28:12 PDT"]
[Termination "Nf3c5 won on time"]

1. d4 Nf6 2. c4 g6 3. Nc3 Bg7 4. e4 O-O 5. h3 d6 6. Be3 e5 7. d5 c6 8. g4 cxd5 9. cxd5 a5 10. Nge2 Na6 11. Ng3 Nc5 12. Be2 Bd7 13. h4 a4 14. g5 Ne8 15. h5 Qa5 16. f3 a3 17.
Qc2 axb2 18. Qxb2 Na4 19. Qd2 Qxc3 20. Qxc3 Nxc3 21. h6 Bh8 22. Bc4 b5 23. Bb3 b4 24.
Bd2 Nc7 25. Bxc3 bxc3 26. Rc1 Nb5 27. Ne2 f6 28. Nxc3 Nd4 29. O-O fxg5 30. Kg2 Bf6 31.
Nd1 g4 32. fxg4 Bg5 33. Rc7 Rxf1 34. Kxf1 Rd8 35. Nf2 Bxh6 36. Nd3 Bxg4 37. Nb4 Rf8+ 38.
Kg2 Be3 39. Nc6 Ne2 0-1

[Event "Early-Titled-Tuesday-Blitz-March-26-2024"]
[Site "Chess.com"]
[Date "2024.03.26"]
[Round "3"]
[White "superchess02"]
[Black "LiadCuba"]
[Result "1-0"]
[WhiteElo "2855"]
[BlackElo "2574"]
[TimeControl "180+1"]
[EndTime "8:28:13 PDT"]
[Termination "superchess02 won on time"]

1. d4 d5 2. c4 e6 3. Nf3 Nf6 4. Nc3 c5 5. e3 a6 6. a3 Nc6 7. cxd5 Nxd5 8. Bc4 cxd4 9. exd4 Nxc3 10. bxc3 Be7 11.
O-O O-O 12. Qe2 Bf6 13. Bd3 Ne7 14. Ng5 Ng6 15. f4 Bd7 16. Rf3 Bb5 17. Bxb5 axb5 18. Qxb5 Bxd4+ 19. Be3 Bxe3+ 20. Rxe3 Nxf4 21. Qe5 Ng6 22. Qg3 Ra5 23. Ne4 Qe7 24. Rf3 Rxa3 25. Rxa3 Qxa3 26.
h4 Qc1+ 27. Kh2 Qh6 28. Kh3 f5 29. Ng5 f4 30. Qe1 e5 31. Kg4 Ne7 32. Qxe5 Ng6 33. Qe6+ Kh8 34. h5 b5 35. hxg6 1-0

[Event "Early-Titled-Tuesday-Blitz-March-26-2024"]
[Site "Chess.com"]
[Date "2024.03.26"]
[Round "3"]
[White "verrbaa"]
[Black "newyorkmouse"]
[Result "0-1"]
[WhiteElo "2496"]
[BlackElo "2710"]
[TimeControl "180+1"]
[EndTime "8:28:13 PDT"]
[Termination "newyorkmouse won by checkmate"]

1. e4 c6 2. d4 d5 3. e5 Na6 4.
Bd3 g6 5. h4 h5 6. Nf3 Nh6 7. Ng5 Nc7 8. Nd2 Bf5 9. Bxf5 Nxf5 10.
c3 f6 11. Ngf3 Kf7 12. Qe2 Ne6 13. Nf1 Bh6 14. Ne3 Nxe3 15. fxe3 Ng7 16. O-O Nf5 17.
Qf2 Kg7 18. Bd2 Kh7 19. Rae1 Rf8 20. e4 dxe4 21. Rxe4 Qd5 22. Rfe1 Bxd2 23. Nxd2 Qxa2 24. g4 Ng7 25. exf6 exf6 26. b3 Rf7 27. Re7 Raf8 28. g5 Nf5 29. Rxf7+ Rxf7 30. Ne4 Qxf2+ 31. Kxf2 Kg7 32. Nxf6 Ne7 33. Kf3 Nd5 34. Re6 Nxf6 35. gxf6+ Rxf6+ 36. Rxf6 Kxf6 37. Kf4 a5 38. c4 b5 39.
cxb5 cxb5 40. d5 a4 41. bxa4 bxa4 42. d6 Ke6 43. Kg5 a3 44. Kxg6 a2 45. Kxh5 a1=Q 46. Kg6 Qh8 47. h5 Qg8+ 48. Kh6 Kf6 49. d7 Qh8# 0-1

[Event "Early-Titled-Tuesday-Blitz-March-26-2024"]
[Site "Chess.com"]
[Date "2024.03.26"]
[Round "3"]
[White "biostatistician"]
[Black "Masterbeaterr"]
[Result "0-1"]
[WhiteElo "2611"]
[BlackElo "2459"]
[TimeControl "180+1"]
[EndTime "8:28:13 PDT"]
[Termination "Masterbeaterr won on time"]

1. d4 d5 2. Nf3 Nf6 3. c4 dxc4 4. e3 e6 5. Bxc4 c5 6. O-O Nc6 7. Nc3 cxd4 8. exd4 Be7 9. Re1 O-O 10. Bg5 Na5 11. Bd3 b6 12. Qe2 Bb7 13. Rad1 Rc8 14. Ne5 Nc6 15. Qe3 Nb4 16. Bb1 Nbd5 17. Qh3 g6 18.
Bh6 Nxc3 19. bxc3 Bd5 20. Bxf8 Bxf8 21. Qd3 Qc7 22. Rc1 Nh5 23. c4 Bxg2 24. Qe3 Bb7 25. d5 Bc5 26. Qf3 Qe7 27. Ng4 Qg5 28.
Kf1 exd5 29. cxd5 Bxd5 30. Qh3 Be6 31. f3 Nf4 32. Qg3 Bxg4 33. Qxg4 Qxg4 34. fxg4 h6 35.
h4 Nd5 36. Re5 Rd8 37. Ke1 Nf4 38. Rd1 Bb4+ 0-1

[Event "Early-Titled-Tuesday-Blitz-March-26-2024"]
[Site "Chess.com"]
[Date "2024.03.26"]
[Round "3"]
[White "NewYearGirl"]
[Black "Titus369"]
[Result "0-1"]
[WhiteElo "2438"]
[BlackElo "2626"]
[TimeControl "180+1"]
[EndTime "8:28:14 PDT"]
[Termination "Titus369 won by resignation"]

1. e4 c5 2. Nf3 d6 3. d4 cxd4 4.
Nxd4 Nf6 5. Nc3 a6 6. Bg5 e6 7. f4 Be7 8. Qf3 Qc7 9. O-O-O Nbd7 10. g4 h6 11. Bxf6 Bxf6 12. h4 Qb6 13. Nde2 Nc5 14.
g5 hxg5 15. hxg5 Rxh1 16. Qxh1 Be7 17. f5 Bxg5+ 18. Kb1 Be7 19. Nf4 Bd7 20. fxe6 fxe6 21. Qh8+ Bf8 22. Qh5+ Kd8 23. Qf7 Be7 24. Bh3 Bf6 25.
Qf8+ Kc7 26. Qxa8 Bxc3 27. b3 Be5 28. Qf8 Nxe4 29. Ne2 Qe3 30. Qf1 Qxe2 31. Qxe2 Nc3+ 32. Kc1 Nxe2+ 33. Kd2 Nf4 34. Bf1 d5 35. c3 g5 36.
Be2 Nxe2 37. Kxe2 Bf4 38. Kf3 e5 39. Kf2 Be6 40. Rh1 g4 41. Rh7+ Kc6 42. Rh6 Bxh6 0-1

[Event "Early-Titled-Tuesday-Blitz-March-26-2024"]
[Site "Chess.com"]
[Date "2024.03.26"]
[Round "3"]
[White "KetiTsatsalashvili"]
[Black "cristiano78"]
[Result "1-0"]
[WhiteElo "2442"]
[BlackElo "2221"]
[TimeControl "180+1"]
[EndTime "8:28:15 PDT"]
[Termination "KetiTsatsalashvili won by resignation"]

1. d4 Nf6 2. Nf3 g6 3. c4 d6 4. Nc3 Bg7 5. e4 O-O 6. Be2 e5 7. O-O Nc6 8. d5 Ne7 9. Nd2 Ne8 10. b4 f5 11. c5 h5 12. exf5 Nxf5 13. Nde4 Nd4 14.
Bg5 Nf6 15. Nxf6+ Bxf6 16. Bxf6 Qxf6 17. Ne4 Qe7 18. cxd6 cxd6 19. Rc1 Bf5 20. Bd3 Rac8 21. Qd2 Qh4 22. Rxc8 Rxc8 23. Nxd6 Qg4 24. f3 Nxf3+ 25. Rxf3 Qd4+ 26. Re3 Rc2 27. Nxf5 gxf5 28. Qxc2 Qxe3+ 29. Kf1 e4 30. Be2 f4 31. Bxh5 f3 32. gxf3 exf3 33. Qg6+ Kh8 34. Qf6+ Kg8 35. Bf7+ Kh7 36. Qg6+ 1-0

[Event "Early-Titled-Tuesday-Blitz-March-26-2024"]
[Site "Chess.com"]
[Date "2024.03.26"]
[Round "3"]
[White "Vahe_Danielyan"]
[Black "BlueWizzard"]
[Result "1-0"]
[WhiteElo "2645"]
[BlackElo "2852"]
[TimeControl "180+1"]
[EndTime "8:28:16 PDT"]
[Termination "Vahe_Danielyan won on time"]

1. e4 Nc6 2. Nf3 g6 3. d4 Bg7 4. Be2 d6 5. O-O a6 6. a4 e6 7. Nc3 Nge7 8. Be3 h6 9. Qd2 g5 10. d5 Ne5 11. Nd4 exd5 12. exd5 N7g6 13. Bh5 Bg4 14.
Bxg4 Nxg4 15. h3 N4e5 16. Nf5 Qf6 17. Nxg7+ Qxg7 18. Bd4 O-O 19. Rae1 Rae8 20. Ne2 f6 21. Ng3 f5 22. Nh5 Qf7 23. f4 gxf4 24. Nxf4 Nxf4 25.
Qxf4 Qxd5 26. Re3 Kh7 27. Rfe1 Ng6 28. Rxe8 Nxf4 29. R1e7+ Rf7 30. Rh8+ Kg6 31. Rg8+ Kh5 32. g4+ Kh4 33. Bf2+ Kxh3 34. Re3+ 1-0

[Event "Early-Titled-Tuesday-Blitz-March-26-2024"]
[Site "Chess.com"]
[Date "2024.03.26"]
[Round "3"]
[White "Lukianoo"]
[Black "jaskol95"]
[Result "1-0"]
[WhiteElo "2812"]
[BlackElo "2477"]
[TimeControl "180+1"]
[EndTime "8:28:17 PDT"]
[Termination "Lukianoo won by resignation"]

1. e4 d5 2. exd5 Nf6 3. c4 c6 4. d4 cxd5 5. Nc3 Nc6 6. Nf3 Bg4 7. cxd5 Nxd5 8. Qb3 Bxf3 9. gxf3 e6 10. Qxb7 Nxd4 11.
Bb5+ Nxb5 12. Qc6+ Ke7 13. Qxb5 Rb8 14. Nxd5+ exd5 15. Qe2+ Kd7 16. O-O Bd6 17. Qd3 Qh4 18. f4 Rhe8 19.
Rd1 Re6 20. Qf5 Ke8 21. Be3 Rg6+ 22. Kf1 Qxh2 23. Qxd5 Rg1+ 24. Ke2 Rxb2+ 25. Kd3 Rxd1+ 26. Rxd1 Qh6 27. Rh1 Qg6+ 28. f5 Qf6 29. Bd4 Qg5 30. Bxb2 Qf4 31. Re1+ Kd7 32. Qxf7+ Kc6 33. Qc4+ Qxc4+ 34. Kxc4 1-0

[Event "Early-Titled-Tuesday-Blitz-March-26-2024"]
[Site "Chess.com"]
[Date "2024.03.26"]
[Round "3"]
[White "Chessdude1987"]
[Black "nabukatnezarr"]
[Result "0-1"]
[WhiteElo "2378"]
[BlackElo "2594"]
[TimeControl "180+1"]
[EndTime "8:28:17 PDT"]
[Termination "nabukatnezarr won on time"]

1. e4 c6 2. Nc3 d5 3. Nf3 dxe4 4.
Nxe4 Nd7 5. Bc4 Ngf6 6. Neg5 e6 7.
Nxf7 Kxf7 8. Ng5+ Ke8 9. Nxe6 Qe7 10. O-O Ne5 11. Re1 Bxe6 12. Rxe5 Bxc4 13. Rxe7+ Bxe7 14. b3 Be6 15. Qe1 Kf7 16. Bb2 Rhe8 17. Kh1 Rad8 18.
f3 Bd6 19. Qh4 Be7 20. d3 Bf5 21. g4 Bg6 22. g5 Nd5 23. Qd4 Bf8 24. Qxa7 Rd7 25. Qf2 b6 26. a4 Bc5 27. Qg3 Re2 28. Rc1 Be3 29. Rf1 Bf4 30. Qh3 Rde7 31. c4 Nb4 32. Bc3 Nxd3 33. Qh4 Rc2 34. Qg4 Rxh2+ 35. Kg1 Rc2 36. Qh3 Rxc3 0-1

[Event "Early-Titled-Tuesday-Blitz-March-26-2024"]
[Site "Chess.com"]
[Date "2024.03.26"]
[Round "3"]
[White "TangerineandLemon25"]
[Black "Kavyev_Ruslan"]
[Result "1-0"]
[WhiteElo "2591"]
[BlackElo "2403"]
[TimeControl "180+1"]
[EndTime "8:28:17 PDT"]
[Termination "TangerineandLemon25 won on time"]

1. e4 c5 2. Nf3 Nc6 3. d4 cxd4 4.
Nxd4 Nf6 5. Nc3 e5 6. Ndb5 d6 7. Nd5 Nxd5 8. exd5 Ne7 9. c4 Ng6 10. Bd3 Bd7 11. Nc3 Be7 12. O-O O-O 13. f4 f5 14.
fxe5 Nxe5 15. Be2 Rc8 16. Qd4 Bf6 17. Qxa7 Nxc4 18. Bxc4 Rxc4 19. Be3 Be5 20. Ne2 f4 21. Bd4 Qf6 22. Bxe5 Qxe5 23. Qf2 Rc2 24. Rae1 Re8 25. Qxf4 Qxf4 26. Nxf4 Rxb2 27. Rxe8+ Bxe8 28. Ne6 Bf7 29. Rc1 Bxe6 30. dxe6 Kf8 31. Rc7 Rxa2 32. Rxb7 Re2 33.
Rf7+ Kg8 34. Re7 Kf8 35. Rf7+ Kg8 36. Ra7 Rxe6 37. Kf2 Kf8 38. Ra8+ Kf7 39. Rh8 1-0

[Event "Early-Titled-Tuesday-Blitz-March-26-2024"]
[Site "Chess.com"]
[Date "2024.03.26"]
[Round "3"]
[White "Flaccidmoves"]
[Black "Vision_64"]
[Result "1-0"]
[WhiteElo "2451"]
[BlackElo "2244"]
[TimeControl "180+1"]
[EndTime "8:28:17 PDT"]
[Termination "Flaccidmoves won on time"]

1. c4 Nf6 2. Nc3 g6 3. e4 d6 4. d4 Bg7 5. Nf3 Nbd7 6. h3 O-O 7. Be3 e5 8. d5 Qe7 9. g4 c5 10. Bd3 a6 11. a4 Ne8 12. Qd2 Nc7 13. h4 Nf6 14.
Bg5 Bxg4 15. Nh2 Bd7 16. h5 b5 17. f3 Qe8 18. h6 Bh8 19. Kf2 b4 20. Nd1 Bxa4 21.
Ne3 Nh5 22. Nhg4 f6 23. Rxh5 fxg5 24. Rxg5 Bd7 25. Nf5 Bxf5 26. exf5 e4 27. Bxe4 Bd4+ 28. Kg2 Kh8 29. fxg6 hxg6 30. Rxg6 Rg8 31. Qg5 Rxg6 32.
Qxg6 Qxg6 33. Bxg6 Rg8 34. Be4 Bxb2 35. Ra2 Bd4 36. Kh3 b3 37. Ra3 b2 38. Rb3 Re8 39. Rb7 Na8 40. Rh7+ Kg8 41. Rb7 Kh8 42. h7 a5 43. Nh6 1-0

[Event "Early-Titled-Tuesday-Blitz-March-26-2024"]
[Site "Chess.com"]
[Date "2024.03.26"]
[Round "3"]
[White "Jospem"]
[Black "chessdjw"]
[Result "1-0"]
[WhiteElo "3088"]
[BlackElo "2803"]
[TimeControl "180+1"]
[EndTime "8:28:18 PDT"]
[Termination "Jospem won by resignation"]

1. e4 e5 2. Nf3 Nc6 3. Nc3 Nf6 4. d4 exd4 5. Nxd4 Bb4 6. Nxc6 bxc6 7. Bd3 d5 8. exd5 O-O 9. O-O cxd5 10. Qf3 c6 11. h3 Be6 12. Bf4 Re8 13. Rad1 Bd6 14. Ne2 Rb8 15. b3 Qc7 16. c4 Bxf4 17. Nxf4 dxc4 18. Nxe6 Rxe6 19. Bxc4 Rd6 20. Rxd6 Qxd6 21. Re1 Nd5 22. Qe4 g6 23. Qd4 a5 24. Qa7 Qb4 25. Rd1 Qb6 26. Qd7 Rd8 27. Qg4 Nf6 28.
Rxd8+ Qxd8 29. Qf4 Qd1+ 30. Kh2 Kg7 31. Qc7 Qd7 32. Qxa5 Qd6+ 33. g3 h5 34. Qa7 Nd7 35.
Kg2 h4 36. gxh4 c5 37. Qb7 Ne5 38. Qe4 Qf6 39. a4 Nc6 40. Qf3 Qxh4 41. Qxf7+ Kh6 42. Qf8+ Kh5 43. Qxc5+ g5 44. Bf7+ Kh6 45. Qxc6+ Kg7 46.
Qg6+ Kf8 47. Qf5 Kg7 48. Bc4 Qd4 49. Qf7+ Kh6 50. Qf8+ Kg6 51. Bf7+ Kf6 52. Qh8+ 1-0

[Event "Early-Titled-Tuesday-Blitz-March-26-2024"]
[Site "Chess.com"]
[Date "2024.03.26"]
[Round "3"]
[White "Revan_2002"]
[Black "atalz0"]
[Result "1/2-1/2"]
[WhiteElo "2584"]
[BlackElo "2384"]
[TimeControl "180+1"]
[EndTime "8:28:18 PDT"]
[Termination "Game drawn by repetition"]

1. d4 Nf6 2. Bg5 d5 3. Bxf6 gxf6 4. e3 c5 5. dxc5 e6 6. c4 dxc4 7. Qxd8+ Kxd8 8. Bxc4 Bxc5 9. Nc3 Ke7 10. Nge2 a6 11. a3 b5 12. Bd3 Bb7 13. Be4 Ra7 14. O-O f5 15. Bxb7 Rxb7 16. Rfd1 Rd8 17. Rxd8 Kxd8 18. Rd1+ Ke7 19. b4 Bd6 20. g3 Nc6 21. f4 a5 22. bxa5 Nxa5 23. Nd4 b4 24. axb4 Bxb4 25. Nce2 Bc5 26. Rc1 Bb6 27. Kf2 Rc7 28. Rxc7+ Bxc7 29. Kf3 Nc4 30. Nb3 Bb6 31. Ned4 Kd6 32. h3 h5 33. Nc2 Bc5 34. Nc1 Kd5 35. Nd3 Nd2+ 36. Ke2 Ne4 37. Kf3 Nd2+ 38. Ke2 Nc4 39. Kf3 Nd2+ 1/2-1/2

[Event "Early-Titled-Tuesday-Blitz-March-26-2024"]
[Site "Chess.com"]
[Date "2024.03.26"]
[Round "3"]
[White "ChainedDowntohell"]
[Black "kriscacco"]
[Result "1-0"]
[WhiteElo "2507"]
[BlackElo "2157"]
[TimeControl "180+1"]
[EndTime "8:28:18 PDT"]
[Termination "ChainedDowntohell won by resignation"]

1. a3 e5 2. c4 a5 3. Nc3 Nf6 4. Nf3 Nc6 5. d3 h6 6. g3 Bc5 7. Bg2 O-O 8. O-O d6 9. e3 Be6 10. d4 exd4 11. exd4 Bxc4 12. dxc5 Bxf1 13. Qxf1 dxc5 14.
Bf4 Re8 15. Rd1 Qe7 16. Nb5 Rac8 17. Re1 Qd7 18. Rxe8+ Nxe8 19. Bh3 f5 20. Nh4 Ne7 21. Qc4+ Kh7 22. Nc3 Nd6 23. Bxd6 cxd6 24. Qf7 Qc7 25. Nd5 Nxd5 26. Bxf5+ Kh8 27. Ng6+ Kh7 28. Ne7+ Kh8 29. Ng6+ Kh7 30. Ne7+ Kh8 31. Qxd5 Re8 32. Ng6+ Kh7 33. Ne5+ g6 34. Bxg6+ Kg7 35. Bxe8 dxe5 36. Bb5 b6 37. Bc4 Qe7 38. Bd3 Qf6 39. Qd7+ Kf8 40. Be4 c4 41. Kg2 Kg8 42. h4 Kf8 43.
h5 Qg5 44. Bg6 Qf6 45. Qd5 Ke7 46. Qxc4 Kd6 47. Be4 Kd7 48. Qd5+ Kc7 49. Qb7+ Kd8 50. Qb8+ Kd7 51. Qa7+ Kc8 52. Qa8+ Kc7 53. a4 Qd6 54. Qb7+ Kd8 55. Qd5 Qxd5 56. Bxd5 Ke7 57. Kf3 Kd6 58. Ke4 Ke7 59. f4 1-0

[Event "Early-Titled-Tuesday-Blitz-March-26-2024"]
[Site "Chess.com"]
[Date "2024.03.26"]
[Round "3"]
[White "pfalcon1949"]
[Black "Pedrada88"]
[Result "0-1"]
[WhiteElo "2056"]
[BlackElo "2540"]
[TimeControl "180+1"]
[EndTime "8:28:19 PDT"]
[Termination "Pedrada88 won on time"]

1. e4 b6 2. d4 Bb7 3. Nc3 e6 4.
Bd3 Bb4 5. Nf3 Nf6 6. Qe2 d5 7.
exd5 Nxd5 8. Bd2 Nd7 9. O-O Nxc3 10. bxc3 Bd6 11. Rfe1 Qf6 12. Ne5 O-O-O 13. f4 h6 14. Ba6 Bxe5 15. fxe5 Qh4 16. Bxb7+ Kxb7 17. Qf3+ Kb8 18.
g3 Qe7 19. Rf1 Rhf8 20. a4 Nxe5 21. Qf2 Nc4 22. a5 e5 23. axb6 axb6 24. Qe2 Qe6 25. Be3 exd4 26. cxd4 Qxe3+ 27. Qxe3 Nxe3 28. Rfc1 Rxd4 29. Ra3 Rd1+ 30. Rxd1 Nxd1 31. Kg2 b5 32. Kh3 Nf2+ 33. Kg2 Ne4 34. h3 Nd6 35. g4 Re8 36. Kf3 Re5 37. Kf4 Rc5 38. c3 Rc4+ 39. Ke5 Kb7 40. Kd5 Rf4 41. Ke5 Rf3 42. h4 Nc4+ 0-1

[Event "Early-Titled-Tuesday-Blitz-March-26-2024"]
[Site "Chess.com"]
[Date "2024.03.26"]
[Round "3"]
[White "lucasran"]
[Black "emeli_chess"]
[Result "1-0"]
[WhiteElo "2607"]
[BlackElo "2392"]
[TimeControl "180+1"]
[EndTime "8:28:20 PDT"]
[Termination "lucasran won by resignation"]

1. Nf3 f5 2. d4 Nf6 3. c4 g6 4. g3 Bg7 5. Bg2 O-O 6. O-O d6 7. Nc3 c6 8. d5 e5 9. dxe6 Bxe6 10. b3 Ne4 11. Nxe4 Bxa1 12. Neg5 Qe7 13. Ba3 Bf6 14.
Bxd6 Qd7 15. Bxf8 Kxf8 16. Qxd7 Bxd7 17. Nxh7+ Kg7 18. Nxf6 Kxf6 19. Rd1 Be6 20. Rd8 Ke7 21. Rh8 Bf7 22. Ne5 Be8 23. f4 Nd7 24. Nxd7 Kxd7 25.
e4 fxe4 26. Bxe4 Rd8 27. Kf2 a5 28. Ke3 b6 29. h4 c5 30. f5 gxf5 31. Bxf5+ Ke7 32.
g4 Rd1 33. g5 Rg1 34. Rh6 b5 35. Re6+ Kf7 36. cxb5 Bxb5 37. Rf6+ Kg7 38. Rb6 Be8 39.
Rb7+ Kf8 40. Kf4 Re1 41. g6 Bc6 42. Rc7 Be8 43. Kg5 Rf1 44. Kf6 Kg8 45. Rc8 1-0

[Event "Early-Titled-Tuesday-Blitz-March-26-2024"]
[Site "Chess.com"]
[Date "2024.03.26"]
[Round "3"]
[White "Golubovsky"]
[Black "Elsa167"]
[Result "1/2-1/2"]
[WhiteElo "2522"]
[BlackElo "2824"]
[TimeControl "180+1"]
[EndTime "8:28:21 PDT"]
[Termination "Game drawn by repetition"]

1. c4 d6 2. g3 e5 3. Nc3 f5 4. Bg2 Nf6 5. d3 Be7 6. Nf3 O-O 7. O-O c6 8. e4 Qe8 9. exf5 Bxf5 10.
d4 e4 11. Nh4 Bg4 12. f3 exf3 13. Nxf3 Nbd7 14. Bf4 Qh5 15. Qb3 Kh8 16. Qxb7 Rab8 17. Qxc6 Rxb2 18. Rae1 Bh3 19. Bxh3 Qxh3 20. Re2 Rxe2 21.
Nxe2 h6 22. Bxd6 Qe6 23. Ne5 Bxd6 24. Nf4 Nxe5 25. dxe5 Qf5 26. Qxd6 Ne4 27. Qe6 Qxe6 28. Nxe6 Rxf1+ 29. Kxf1 Nd2+ 30. Kf2 Nxc4 31. Kf3 Nxe5+ 32. Ke4 Ng4 33. h4 Kh7 34. a4 a5 35. Nd4 Nf6+ 36.
Kf5 Nd5 37. Nc6 Nc3 38. Nxa5 Nxa4 39. Nc4 Nc5 40. Ne5 Nb7 41. g4 Nd6+ 42. Kf4 Ne8 43.
g5 h5 44. Kf5 Nd6+ 45. Kf4 Ne8 46. Nd3 Kg6 47. Ne5+ Kh7 1/2-1/2

[Event "Early-Titled-Tuesday-Blitz-March-26-2024"]
[Site "Chess.com"]
[Date "2024.03.26"]
[Round "3"]
[White "Incognito_Knight"]
[Black "sjoerd893"]
[Result "1-0"]
[WhiteElo "2725"]
[BlackElo "2501"]
[TimeControl "180+1"]
[EndTime "8:28:21 PDT"]
[Termination "Incognito_Knight won by resignation"]

1. e4 c5 2. d4 cxd4 3. Qxd4 Nc6 4. Qd3 Nf6 5. Nc3 g6 6. Nf3 Bg7 7. Be2 d6 8. O-O O-O 9. Nd5 Bg4 10. c3 Rc8 11. Bg5 Nxd5 12. exd5 Bxf3 13. Qxf3 Ne5 14. Qe3 Re8 15. Qxa7 h6 16. Be3 Nc4 17. Bxc4 Rxc4 18. Qxb7 Qb8 19. Qxb8 Rxb8 20. Rab1 Ra4 21. a3 Ra5 22. Rfd1 Rb3 23. Kf1 Rab5 24. c4 Rb7 25. c5 dxc5 26. Bxc5 Bxb2 27. Bb4 Rc7 28. Rd2 Rc1+ 29.
Rxc1 Bxc1 30. Ra2 Rd3 31. Bxe7 Rd1+ 32. Ke2 Rxd5 33. Bf6 Bf4 34. a4 Bc7 35. Rc2 Rd6 36. Rxc7 Rxf6 37. Rc2 Ra6 38. Ra2 Kg7 39. a5 Kf6 40. Kd3 Ke5 41. Kc4 Ke4 42. Kb5 Ra8 43.
a6 f5 44. Kb6 f4 45. a7 f3 46.
g3 Kf5 47. Kb7 Rxa7+ 48. Kxa7 Kg4 49. h4 g5 50. hxg5 hxg5 51. Kb6 Kh3 52. Kc5 g4 53. Kd4 Kg2 54. Ke3 Kf1 55. Ra4 1-0

[Event "Early-Titled-Tuesday-Blitz-March-26-2024"]
[Site "Chess.com"]
[Date "2024.03.26"]
[Round "3"]
[White "GMT4114"]
[Black "BallottiLuca"]
[Result "0-1"]
[WhiteElo "1971"]
[BlackElo "2365"]
[TimeControl "180+1"]
[EndTime "8:28:22 PDT"]
[Termination "BallottiLuca won by resignation"]

1. e4 c5 2. Nc3 e6 3. Nge2 Nc6 4.
g3 d5 5. exd5 exd5 6. d4 Bg4 7.
Be3 Bf3 8. Rg1 c4 9. Bg2 Bxg2 10. Rxg2 Nf6 11. Bg5 Bb4 12. Qd2 h6 13. Bxf6 Qxf6 14. O-O-O O-O 15. Nf4 Rfd8 16. a3 Ba5 17. Kb1 Bxc3 18.
Qxc3 b5 19. Qe3 a5 20. Nh5 Qg5 21. Qxg5 hxg5 22. f4 g4 23. c3 Re8 24. Kc2 f5 25. Kd2 Kf7 26. h3 g6 27. hxg4 gxh5 28.
gxh5 Rh8 29. Rh1 Rh6 30. g4 fxg4 31. Rxg4 Ne7 32. Rg5 Rg8 33. Ke3 Kf6 34. Rhg1 Rhh8 35. Kf3 Rxg5 36. fxg5+ Kf5 37. h6 Ng6 38. Rg4 Rh7 39.
Rg2 Nh4+ 0-1

[Event "Early-Titled-Tuesday-Blitz-March-26-2024"]
[Site "Chess.com"]
[Date "2024.03.26"]
[Round "3"]
[White "FormerProdigy"]
[Black "Witik"]
[Result "1-0"]
[WhiteElo "2975"]
[BlackElo "2757"]
[TimeControl "180+1"]
[EndTime "8:28:23 PDT"]
[Termination "FormerProdigy won on time"]

1. d4 Nf6 2. c4 e6 3. Nc3 Bb4 4. Qc2 c5 5. dxc5 Qc7 6. a3 Bxc5 7.
Nf3 a6 8. Bg5 Be7 9. e4 d6 10.
Bd3 Nbd7 11. O-O b6 12. b4 Bb7 13. Rac1 O-O 14. Rfd1 Rfe8 15. h3 Rac8 16. Be3 Qb8 17.
Qe2 h6 18. Bf4 Ne5 19. Nxe5 dxe5 20. Be3 Nd7 21. Qa2 Bd8 22. Be2 Nf8 23. Rxd8 Rexd8 24. Bxb6 Rd4 25. f3 Ng6 26. Bf1 Ba8 27. Bxd4 exd4 28.
Na4 Qg3 29. Qf2 Qg5 30. Rd1 e5 31. Nb6 Rb8 32. c5 Bc6 33. Bxa6 f5 34. Bc4+ Kh8 35. Bd5 Nf4 36. Kh2 fxe4 37. Bxc6 e3 38. Qg3 Qxg3+ 39. Kxg3 e2 40. Re1 d3 41. Nc4 Rd8 42. Nd2 1-0

[Event "Early-Titled-Tuesday-Blitz-March-26-2024"]
[Site "Chess.com"]
[Date "2024.03.26"]
[Round "3"]
[White "Sammed_Shete"]
[Black "Angry_Twin"]
[Result "1-0"]
[WhiteElo "2747"]
[BlackElo "2905"]
[TimeControl "180+1"]
[EndTime "8:28:28 PDT"]
[Termination "Sammed_Shete won by resignation"]

1. d4 Nf6 2. Nf3 d5 3. c4 e6 4. Nc3 c6 5. e3 Nbd7 6. b3 Bd6 7. Be2 O-O 8. O-O b6 9. Bb2 Bb7 10. Re1 Re8 11. Qc2 Qe7 12. Bd3 c5 13. cxd5 exd5 14. Nb5 Bb8 15. dxc5 bxc5 16. Bf5 a6 17. Nc3 g6 18.
Bh3 Nb6 19. Ne2 Ne4 20. Ng3 f6 21. Nxe4 dxe4 22. Nd2 f5 23. Rac1 Bd6 24. Nc4 Nxc4 25.
Qxc4+ Qf7 26. Qc2 Rac8 27. Red1 Be5 28. Bxe5 Rxe5 29. g3 Re7 30. Bf1 Qf6 31. Rd2 Kg7 32.
Rcd1 Qe5 33. Bc4 g5 34. Rd7 Rc7 35. Rd8 Rc8 36. R8d6 f4 37. Qe2 f3 38. Qf1 g4 39. h4 a5 40. Qe1 a4 41. bxa4 Ra8 42.
a5 h5 43. a6 Bc8 44. R1d5 Qb2 45. Rg5+ Kh7 46. Rxh5+ Kg7 47. Rg5+ Kh7 48. Bg8+ 1-0

[Event "Early-Titled-Tuesday-Blitz-March-26-2024"]
[Site "Chess.com"]
[Date "2024.03.26"]
[Round "3"]
[White "Rud_Makarian"]
[Black "jk13"]
[Result "0-1"]
[WhiteElo "3082"]
[BlackElo "2717"]
[TimeControl "180+1"]
[EndTime "8:28:29 PDT"]
[Termination "jk13 won on time"]

1. d4 Nf6 2. c4 e6 3. Nf3 Bb4+ 4. Bd2 Bxd2+ 5. Qxd2 O-O 6. Nc3 d5 7. h4 Qe7 8. h5 Nc6 9. h6 g6 10. Qg5 Re8 11. e3 a6 12. O-O-O dxc4 13. Bxc4 e5 14. dxe5 Nxe5 15. Qxe5 Qxe5 16. Nxe5 Rxe5 17. Rd8+ Re8 18. Rxe8+ Nxe8 19. Rd1 Kf8 20. Ne4 Ke7 21. Ng5 f6 22. Nxh7 Nd6 23. Bd3 Bf5 24. e4 Be6 25. e5 fxe5 26. Ng5 Rh8 27. Rh1 Bf5 28. Kd2 Kf6 29.
Bxf5 gxf5 30. Nf3 e4 31. Nd4 Kg6 32. Ne6 Rxh6 33. Rxh6+ Kxh6 34. Nxc7 Kg5 35. Kc3 f4 36. Kd4 Kf5 37. Nd5 Nb5+ 38. Kc5 Ke5 39. a4 Nd4 40. Nc3 b5 41. a5 e3 42. fxe3 fxe3 43.
b4 Nc2 0-1

[Event "Early-Titled-Tuesday-Blitz-March-26-2024"]
[Site "Chess.com"]
[Date "2024.03.26"]
[Round "3"]
[White "AA95"]
[Black "manitodeplomo"]
[Result "1/2-1/2"]
[WhiteElo "2474"]
[BlackElo "2669"]
[TimeControl "180+1"]
[EndTime "8:28:29 PDT"]
[Termination "Game drawn - insufficient material"]

1. Nf3 Nf6 2. g3 d6 3. Bg2 h6 4.
d4 Bf5 5. c4 Bh7 6. Qb3 Qc8 7.
Ng5 c6 8. Nxh7 Nxh7 9. Nc3 Nf6 10. O-O Nbd7 11. Bf4 e5 12. Be3 Ng4 13. Rad1 Be7 14.
c5 Nxe3 15. fxe3 O-O 16. cxd6 Bxd6 17. dxe5 Nc5 18. Qc4 Be7 19. Ne4 Qe6 20. Qxe6 Nxe6 21. Bh3 Ng5 22. Nxg5 Bxg5 23. Rd7 Bxe3+ 24. Kg2 Rae8 25.
e6 fxe6 26. Rxf8+ Kxf8 27. Rxb7 Bb6 28. Kf3 Re7 29. Rb8+ Re8 30. Rb7 Re7 31. Rb8+ Re8 32. Rxe8+ Kxe8 33. Bxe6 Ke7 34. Bc4 Kf6 35. Ke4 h5 36.
Ba6 Bg1 37. Bb7 Bxh2 38. Kf3 h4 39. gxh4 c5 40. Ke4 g6 41. Kd5 Bg3 42. Kxc5 Bxh4 43. Bc8 Ke5 44. b4 Be7+ 45. Kb5 Kf4 46. a4 g5 47. a5 g4 48. e3+ Kf3 49. Bxg4+ Kxg4 50. Ka6 Bxb4 51. Kxa7 Bxa5 52. e4 Bc3 53. e5 Kf5 54. e6 Kxe6 1/2-1/2

[Event "Early-Titled-Tuesday-Blitz-March-26-2024"]
[Site "Chess.com"]
[Date "2024.03.26"]
[Round "3"]
[White "SirStrateg"]
[Black "alexrustemov"]
[Result "1/2-1/2"]
[WhiteElo "2622"]
[BlackElo "2937"]
[TimeControl "180+1"]
[EndTime "8:28:31 PDT"]
[Termination "Game drawn by repetition"]

1. d4 d5 2. Bf4 Nf6 3. e3 c5 4. c3 Nc6 5. Nd2 Bg4 6. Ngf3 e6 7. h3 Bxf3 8. Nxf3 Bd6 9. Bxd6 Qxd6 10. Qa4 O-O 11. Qa3 Ne4 12. Bd3 cxd4 13. Qxd6 Nxd6 14. exd4 b5 15. Kd2 a5 16. b3 Rfc8 17. Ne5 b4 18.
Nxc6 Rxc6 19. cxb4 axb4 20. Rhc1 Rxc1 21. Kxc1 g5 22.
Kb2 Kg7 23. a4 bxa3+ 24. Rxa3 Rb8 25. Ra5 h5 26. Kc3 g4 27. hxg4 hxg4 28. b4 Rc8+ 29. Rc5 Ra8 30. Ra5 Rc8+ 31. Rc5 Rb8 32. b5 Kf6 33. Kb4 Nf5 34. Bxf5 Kxf5 35. Rc7 f6 36. Kc5 e5 37. dxe5 fxe5 38. b6 d4 39. Kc6 d3 40.
Rd7 Ke4 41. g3 Kf3 42. Rxd3+ Kxf2 43. Kc7 Rg8 44. b7 e4 45. Rd8 Rg7+ 46. Rd7 Rg8 47. Rd8 Rg7+ 48. Rd7 Rg8 49. Rd8 1/2-1/2